 Dungeon Crawl Stone Soup version 0.29-a0-1027-gcd8c55af63 (webtiles) character file.

Game seed: 4430276966497104797

4 quinnr the Gusty (level 1, -1/10 HPs)
             Began as a Tengu Air Elementalist on Aug 14, 2022.
             Slain by a hobgoblin (3 damage)
             ... on level 1 of the Dungeon.
             The game lasted 00:00:41 (105 turns).

quinnr the Gusty (Tengu Air Elementalist)            Turns: 105, Time: 00:00:42

Health: -1/10      AC:  2    Str:  8    XL:     1   Next: 60%
Magic:  1/4        EV: 12    Int: 15    God:
Gold:   15         SH:  0    Dex: 14    Spells: 3/4 levels left

rFire   . . .      SeeInvis .   (no weapon)
rCold   . . .      Faith    .   (no shield)
rNeg    . . .      Spirit   .   a - +0 robe
rPois   .          Reflect  .   (helmet restricted)
rElec   .          Harm     .   (no cloak)
rCorr   .          Rampage  .   (no gloves)
Will    .....                   (boots unavailable)
Stlth   ++........              (no amulet)
HPRegen 0.03/turn               (no ring)
MPRegen 0.09/turn               (no ring)

@: no status effects
A: beak, talons 3
a: no special abilities


You were on level 1 of the Dungeon.
You visited 1 branch of the dungeon, and saw 1 of its levels.

You collected 15 gold pieces.

Inventory:

Armour
 a - a +0 robe (worn)
 d - a +0 buckler
Potions
 b - a potion of magic
 c - a potion of might {unknown}


   Skills:
 - Level 2.1 Dodging
 - Level 2.0 Stealth
 - Level 2.0 Spellcasting
 - Level 1.3 Conjurations
 + Level 4.4 Air Magic


You had 3 spell levels left.
You knew the following spells:

 Your Spells              Type           Power      Damage    Failure   Level
a - Shock                 Conj/Air       40%        1d5       7%          1

Your spell library contained the following spells:

 Spells                   Type           Power      Damage    Failure   Level
 Static Discharge         Conj/Air       10%        3-5/arc   11%         2
 Swiftness                Air            14%        N/A       11%         3
 Airstrike                Air            7%         2d(1-17)  34%         4


Dungeon Overview and Level Annotations

Branches:
Dungeon (1/15)

Altars:


Innate Abilities, Weirdness & Mutations

You have a beak for a mouth.
You have claws for feet.


Message History

The zap hits the goblin.
The goblin is severely wounded.
The zap hits the goblin.
You kill the goblin!
You can't see any susceptible monsters within range! (Use Z to cast anyway.)
A kobold comes into view. It is wielding a +0 whip of distortion.
The zap hits the kobold.
You kill the kobold!
The zap hits the quokka.
The quokka is severely wounded.
You are out of magic!
You are out of magic!
A quokka is nearby!
A quokka is nearby!
You are out of magic!
You are out of magic!
You are out of magic!
Unknown command.
Found a scroll labelled MOD JUONWUURGH.
You miss the quokka. Your peck misses the quokka.
The quokka is severely wounded.
The quokka misses you.
The zap hits the quokka.
You kill the quokka!
A hobgoblin comes into view.
You are out of magic!
You are out of magic!
The hobgoblin shouts!
You hear a shout!
A ball python comes into view.
The hobgoblin closely misses you.
A goblin comes into view. It is wielding a +0 club.
The hobgoblin hits you. The hobgoblin hits you.
Ouch! That really hurt!
* * * LOW HITPOINT WARNING * * *
Okay, then.
The hobgoblin attacks as you move away! The hobgoblin barely misses you.
The hobgoblin attacks as you move away! The hobgoblin closely misses you.
The hobgoblin attacks as you move away! The hobgoblin hits you.
You die...

#......#..# ###.#.##.#..# #
.....##.#..# ###...######
#...##.#.$.
...........######...##.PP..
#...####..........#..♣...
#..............P...P..
#.###)................ #.
#@#######....♣..P. .. #g#
#.....P... #.. #.#
............ #.. #S#
###.♣♣....)< #g. #g#
##.♣...... #.r #.#
#....P... #.# #..PP..P. ...
#........ ..### #......♣.


You could see a hobgoblin, a goblin and a ball python.

Vanquished Creatures
  A goblin (D:1)
  A quokka (D:1)
  2 kobolds (D:1)
4 creatures vanquished.

Vanquished Creatures (others)
  A fungus (D:1)
  A plant (D:1)
2 creatures vanquished.

Grand Total: 6 creatures vanquished

Notes
Turn   | Place    | Note
-------+----------+-------------------------------------------
     0 | D:1      | quinnr the Tengu Air Elementalist began the quest for the
                  | Orb.
     0 | D:1      | Reached XP level 1. HP: 10/10 MP: 4/4
   105 | D:1      | Slain by a hobgoblin

Illustrated notes

Levels and vault maps discovered:
D:1:      wander_arrival_fairy_ring, layout_loops_ring, serial_shops,
          nicolae_shop_advertising_works [nicolae_subvault_shop_adworks],
          dk_noncrumbling_2

Action                   || total
-------------------------++-------
Melee: Unarmed           ||     1
 Cast: Shock             ||     8
Dodge: Dodged            ||     4

Table legend: (Time is in decaauts)
 A = Elapsed time spent in this place.
 B = Non-inter-level travel time spent in this place.
 C = Inter-level travel time spent in this place.
 D = Time resting spent in this place.
 E = Time spent auto-exploring this place.
 F = Levels seen in this place.
 G = Mean time per level.
                   A        B        C        D        E       F      G
               +--------+--------+--------+--------+--------+-----+--------+
         Total |    105 |    105 |      0 |      0 |     65 |   1 |  105.0 |
       Dungeon |    105 |    105 |      0 |      0 |     65 |   1 |  105.0 |
               +--------+--------+--------+--------+--------+-----+--------+

Top non-repeatable levels by time:
     D:1: 105 daAuts
